 Dungeon Crawl Stone Soup version 0.17-a0-1421-g95311d7 (webtiles) character file.

1885 esc the Carver (level 8, 0/73 HPs)
             Began as a Minotaur Berserker on June 24, 2015.
             Was a High Priest of Trog.
             Slain by an orc warrior
             ... wielding a +0 halberd
              (12 damage)
             ... in a bailey.
             The game lasted 00:17:17 (5907 turns).

esc the Carver (Minotaur Berserker)                 Turns: 5907, Time: 00:17:17

Health: 0/73       AC: 17    Str: 22    XL:     8   Next: 92%
Magic:  7/7        EV:  9    Int:  4    God:    Trog [*****.]
Gold:   168        SH:  0    Dex: 12    Spells: 0 memorised, 7 levels left

rFire  . . .     SeeInvis .     M - +1 scimitar (holy)
rCold  + . .     Clarity  .     a - +0 plate armour
rNeg   . . .     SustAt   .     (no shield)
rPois  +         Gourm    .     A - +1 hat
rElec  .         Spirit   .     D - +1 cloak
rCorr  .         Warding  .     B - +0 pair of gloves
rMut   .         Stasis   .     (no boots)
MR     .....                    (no amulet)
Stlth  ..........               x - ring of protection from cold {rC+, !d}
                                b - ring of poison resistance {rPois, !d}

@: exhausted, slowed, very slow, not resistant to hostile enchantments,
extremely unstealthy
A: retaliatory headbutt, horns 2
a: Burn Spellbooks, Berserk, Trog's Hand, Brothers in Arms, Renounce Religion


You were in a bailey.
You worshipped Trog.
Trog was extremely pleased with you.
You were very hungry.

You visited 1 branch of the dungeon, and saw 7 of its levels.
You also visited: Bailey.

You collected 405 gold pieces.
You spent 237 gold pieces at shops.

Inventory:

Hand weapons
 M - a +1 scimitar of holy wrath (weapon)
   (You took it off an orc warrior on level 6 of the Dungeon)
Missiles
 F - 8 needles of slowing
Armour
 a - a +0 plate armour (worn)
   (You found it on level 7 of the Dungeon)
 A - a +1 hat (worn)
   (You found it on level 3 of the Dungeon)
 B - a +0 pair of gloves (worn)
   (You found it on level 3 of the Dungeon)
 D - a +1 cloak (worn)
   (You bought it in a shop on level 7 of the Dungeon)
Jewellery
 b - a ring of poison resistance (left hand) {rPois, !d}
   (You found it on level 6 of the Dungeon)
 f - an uncursed ring of stealth {Stlth+}
   (You found it on level 5 of the Dungeon)
 x - a ring of protection from cold (right hand) {rC+, !d}
   (You bought it in a shop on level 7 of the Dungeon)
 K - a +4 ring of intelligence
   (You found it on level 5 of the Dungeon)
Magical devices
 q - a wand of cold (8)
   (You found it on level 7 of the Dungeon)
 L - a wand of disintegration (7)
   (You found it on level 5 of the Dungeon)
Scrolls
 e - 4 scrolls of teleportation
 i - 4 scrolls of fog {unknown}
 o - 2 scrolls of magic mapping {unknown}
 p - 4 scrolls of identify
 s - a scroll of enchant armour {unknown}
 u - a scroll of immolation {unknown}
 w - 3 scrolls of remove curse
 y - 2 scrolls of recharging {unknown}
 C - 4 scrolls of noise {unknown}
 E - 3 scrolls of enchant weapon
 H - a scroll of amnesia {unknown}
Potions
 h - a potion of cancellation
 j - a potion of magic
 k - 5 potions of curing
 m - a potion of haste {unknown}
 v - 2 potions of heal wounds {unknown}
 z - a potion of degeneration {unknown}
 G - 2 potions of cure mutation {unknown}
 I - a potion of poison {unknown}
 P - a potion of resistance {unknown}
Comestibles
 c - 4 bread rations {@e1}
 d - a beef jerky
 g - 6 fruits
 l - a royal jelly
 n - a slice of pizza
 r - 7 chunks of flesh {@w0}
 J - 3 meat rations {@e2}


   Skills:
 + Level 7.6 Fighting
 + Level 8.3 Long Blades
 + Level 7.1 Armour
 + Level 6.6 Dodging


You had 7 spell levels left.
You didn't know any spells.

Dungeon Overview and Level Annotations

Branches:
Dungeon (7/15)             Temple (0/1) D:5

Altars:
Cheibriados
Dithmenos
Fedhas
Gozag
Trog
Xom
The Shining One

Shops:
D:2 *   D:7 *


Innate Abilities, Weirdness & Mutations

You reflexively headbutt those who attack you in melee.
You have a pair of horns on your head.


Message History

The orc barely misses you.
The orc warrior hits your ogre with a trident!
The orc hits your ogre but does no damage.
The orc hits your ogre with a trident!
Your ogre hits the orc with a giant club!!!
The orc dies!
Trog accepts your kill. The orc warrior closely misses you.
Your plate armour prevents you from hitting the orc warrior.
You headbutt the orc warrior. The orc closely misses you.
The orc warrior hits you with a spear! The orc closely misses you.
The orc closely misses you. The orc hits your ogre with a hand axe.
You take 10 damage, and have 70/109 hp.
You slash the orc warrior!
You kill the orc warrior!
Trog accepts your kill.
Your Armour skill increases to level 7!
Your ogre barely misses the orc.
The orc warrior closely misses your ogre.
The orc barely misses you. The orc hits your ogre with a trident.
You slice the orc!!
You kill the orc!
Trog accepts your kill. The orc hits you but does no damage.
The orc warrior hits you from afar with a halberd!
Your ogre hits the orc with a giant club!!
The orc dies!
Trog accepts your kill. The orc closely misses you.
The orc warrior hits your ogre with a trident!
Your ogre dies!
Your ogre's corpse disappears in a puff of smoke!
You take 10 damage, and have 60/109 hp.
You barely miss the orc. Your headbutt misses the orc.
The orc hits you from afar with a halberd.
The orc closely misses you.
You take 2 damage, and have 58/109 hp.
You closely miss the orc.
The orc warrior hits you but does no damage.
The orc closely misses you.
You slice the orc!!
You kill the orc!
Trog accepts your kill. The orc hits you but does no damage.
The orc warrior barely misses you. The orc hits you with a halberd.
The orc hits you but does no damage. The orc misses you.
Things that are here:
a hand axe; a halberd; an orc corpse You take 6 damage, and have 53/109 hp.
You closely miss the orc warrior. Your headbutt misses the orc warrior.
The orc warrior hits you but does no damage. x2
The orc closely misses you. The orc barely misses you.
Your plate armour prevents you from hitting the orc warrior.
The orc misses you.
You slash the orc warrior! Your headbutt misses the orc warrior.
The orc warrior hits you but does no damage.
The orc warrior barely misses you. The orc hits you but does no damage.
The orc barely misses you. You furiously retaliate!
You headbutt the orc!
You kill the orc!
Trog accepts your kill.
You hit the orc warrior but do no damage.
You headbutt the orc warrior!
You kill the orc warrior!
Trog accepts your kill. The orc closely misses you.
You closely miss the orc warrior. The orc hits you but does no damage.
The orc warrior hits you with a halberd!
You take 14 damage, and have 40/109 hp.
You closely miss the orc warrior.
You are no longer berserk.
You are exhausted.
You feel yourself slow down.
You are feeling hungry.
The orc barely misses you. The orc closely misses you.
You now have 27/73 hp.
You hit the orc warrior but do no damage.
The orc warrior hits you with a halberd!
* * * LOW HITPOINT WARNING * * *
The orc hits you but does no damage.
The orc hits you from afar with a trident.
* * * LOW HITPOINT WARNING * * *
The orc warrior closely misses you.
You take 12 damage, and have 15/73 hp.
Drink which item? (? for menu, Esc to quit)
Okay, then.
Read which item? (? for menu, Esc to quit)
Okay, then.
Drink which item? (? for menu, Esc to quit)
It was a potion of curing.
You feel better.
You are feeling very hungry.
The orc closely misses you.
The orc hits you from afar with a trident.
* * * LOW HITPOINT WARNING * * *
The orc warrior hits you with a halberd!
* * * LOW HITPOINT WARNING * * *
You take 3 damage, and have 12/73 hp.
Drink which item? (? for menu, Esc to quit)
It was a potion of magic.
Magic courses through your body. The orc hits you but does no damage. x2
The orc warrior hits you with a halberd!
You die...

#.......#
##.....##
###'###
#...#
#...#
#...#
#...#
###'###
#.)@).#
#.))o)o.#
#..o)...#
#.......#
#.......#
#.......#
##.....##
##+++##


You could see an orc warrior and 2 orcs.

Vanquished Creatures
  3 orc warriors
  A sky beast (D:6)
  4 ogres
  A black bear (D:7)
  A centaur (D:5)
  2 crimson imps (D:5)
  4 orc wizards
  4 orc priests
  Ijyb (D:2)
  3 jellies (D:5)
  A giant frog skeleton (D:5)
  3 hounds
  2 worker ants (D:6)
  9 adders
  10 gnolls
  2 shadow imps (D:6)
  3 oozes
  An adder zombie (D:7)
  An adder skeleton (D:4)
  2 worms
  7 giant geckos
  30 orcs
  12 bats
  2 bat skeletons (D:4)
  7 giant cockroaches
  17 hobgoblins
  11 jackals
  2 quokkas
  2 ball pythons
  2 giant newts
  15 goblins
  10 kobolds
  17 rats
192 creatures vanquished.

Vanquished Creatures (collateral kills)
  An orc warrior (Bailey)
  3 orcs (Bailey)
4 creatures vanquished.

Grand Total: 196 creatures vanquished

Notes
Turn   | Place    | Note
--------------------------------------------------------------
     0 | D:1      | esc the Minotaur Berserker began the quest for the Orb.
     0 | D:1      | Reached XP level 1. HP: 19/19 MP: 0/0
   143 | D:1      | Reached XP level 2. HP: 27/27 MP: 1/1
   324 | D:1      | Reached skill level 4 in Long Blades
   746 | D:1      | Reached skill level 4 in Fighting
  1053 | D:2      | Acquired Trog's second power
  1053 | D:2      | Reached skill level 3 in Armour
  1053 | D:2      | Reached XP level 3. HP: 24/33 MP: 2/2
  1089 | D:2      | Noticed Ijyb
  1094 | D:2      | Killed Ijyb
  1175 | D:2      | Reached XP level 4. HP: 40/40 MP: 3/3
  1356 | D:2      | Found a shimmering altar of Xom.
  1513 | D:2      | Found an opulent altar of Gozag.
  1556 | D:2      | Reached skill level 3 in Dodging
  1592 | D:2      | Reached skill level 5 in Long Blades
  1592 | D:2      | Reached XP level 5. HP: 42/47 MP: 4/4
  1721 | D:2      | Found Gozag's Platinum Reserve.
  2107 | D:3      | Found a blossoming altar of Fedhas.
  2243 | D:3      | Reached skill level 4 in Armour
  2750 | D:4      | Reached skill level 5 in Fighting
  2985 | D:4      | Acquired Trog's third power
  2985 | D:4      | Received a gift from Trog
  3020 | D:4      | Reached XP level 6. HP: 56/56 MP: 5/5
  3292 | D:4      | Reached skill level 4 in Dodging
  3503 | D:5      | Entered Level 5 of the Dungeon
  3519 | D:5      | Reached skill level 6 in Long Blades
  3519 | D:5      | Reached skill level 5 in Armour
  3519 | D:5      | Reached XP level 7. HP: 34/62 MP: 6/6
  3925 | D:5      | Found a staircase to the Ecumenical Temple.
  3963 | D:5      | Found a snail-covered altar of Cheibriados.
  4019 | D:5      | Reached skill level 6 in Fighting
  4035 | D:5      | Reached skill level 5 in Dodging
  4489 | D:6      | Reached skill level 7 in Long Blades
  4489 | D:6      | Reached skill level 6 in Armour
  4489 | D:6      | Reached XP level 8. HP: 63/71 MP: 7/7
  4719 | D:6      | Found a shadowy altar of Dithmenos.
  4793 | D:6      | Reached skill level 7 in Fighting
  5218 | D:6      | Reached skill level 6 in Dodging
  5284 | D:6      | Found an opulent altar of Gozag.
  5412 | D:7      | Found a bloodstained altar of Trog.
  5472 | D:7      | Found a glowing golden altar of the Shining One.
  5506 | D:7      | Found Fatima's Assorted Antiques.
  5516 | D:7      | Bought a notched diamond ring for 125 gold pieces
  5516 | D:7      | Bought a runed cloak for 112 gold pieces
  5635 | D:7      | Found a flagged portal.
  5643 | Bailey   | Entered a bailey
  5667 | Bailey   | Reached skill level 8 in Long Blades
  5893 | Bailey   | Reached skill level 7 in Armour
  5905 | Bailey   | HP: 16/73 [orc warrior/halberd (11)]
  5907 | Bailey   | Slain by an orc warrior

Vault maps used:
D:1:      scummos_arrival_simple_fountains
D:2:      nicolae_gozag_zags_fifth_avenue, tgw_xom, uniq_iyjb
D:3:      kennysheep_the_goblin_king, fedhas_altar_1
D:4:      first_bread, st_stairs_11, grunt_ministairs_2
D:5:      lemuel_coloured_pillars_altar, minmay_temple_entry_nine_rooms
D:6:      nicolae_dithmenos_the_darkroom, basic_altar
D:7:      lemuel_crystal_altar, nicolae_overflow_crystal_walls, enter_bailey_2,
          serial_shops, nicolae_shop_overgrown_old_shop, trog_butcher_becter
Bailey:   bailey_polearm_5, bailey

Action                   |  1- 3 |  4- 6 |  7- 9 || total
-------------------------+-------+-------+-------++-------
Melee: Falchion          |    72 |   251 |    86 ||   409
       Scimitar          |       |       |    98 ||    98
Invok: Berserk           |     1 |     1 |     2 ||     4
       Trog's Hand       |       |     1 |     1 ||     2
       Brothers in Arms  |       |       |     1 ||     1
Evoke: Wand              |       |       |     3 ||     3
  Use: Scroll            |       |       |     6 ||     6
       Potion            |       |       |     2 ||     2
 Stab: Sleeping          |     1 |       |       ||     1
       Invisible         |       |     1 |       ||     1
  Eat: Chunk             |     2 |     9 |     9 ||    20

Vault maps used:
D:1:      scummos_arrival_simple_fountains
D:2:      nicolae_gozag_zags_fifth_avenue, tgw_xom, uniq_iyjb
D:3:      kennysheep_the_goblin_king, fedhas_altar_1
D:4:      first_bread, st_stairs_11, grunt_ministairs_2
D:5:      lemuel_coloured_pillars_altar, minmay_temple_entry_nine_rooms
D:6:      nicolae_dithmenos_the_darkroom, basic_altar
D:7:      lemuel_crystal_altar, nicolae_overflow_crystal_walls, enter_bailey_2,
          serial_shops, nicolae_shop_overgrown_old_shop, trog_butcher_becter
Bailey:   bailey_polearm_5, bailey

Table legend:
 A = Turns spent in this place as a percentage of turns spent in the entire game.
 B = Non-inter-level travel turns spent in this place as a percentage of non-inter-level travel turns spent in the entire game.
 C = Inter-level travel turns spent in this place as a percentage of turns spent in this place.
 D = Turns resting spent in this place as a percentage of non-inter-level travel turns spent in this place.
 E = Turns spent auto-exploring this place as a percentage of non-inter-level travel turns spent in this place.
 F = Non-inter-level travel turns spent in this place divided by the number of levels of this place that you've seen.
                   A       B       C       D       E      F
               +-------+-------+-------+-------+-------+----------------------
         Total | 100.0 | 100.0 |   0.3 |   1.5 |   9.8 | 219.0
       Dungeon |  94.6 |  94.6 |   0.4 |   1.4 |  10.2 | 236.7
        Bailey |   5.4 |   5.4 |   0.0 |   2.1 |   2.1 |  95.0
               +-------+-------+-------+-------+-------+----------------------

Table legend:
 A = Kills in this place as a percentage of kills in entire the game.
 B = Kills by you in this place as a percentage of kills by you in the entire game.
 C = Kills by friends in this place as a percentage of kills by friends in the entire game.
 D = Other kills in this place as a percentage of other kills in the entire game.
 E = Experience gained in this place as a percentage of experience gained in the entire game.
 F = Experience gained in this place divided by the number of levels of this place that you have seen.
                   A       B       C       D       E      F
               +-------+-------+-------+-------+-------+----------------------
         Total | 100.0 | 100.0 | 100.0 |  -nan | 100.0 | 336.8
       Dungeon |  89.3 |  91.1 |   0.0 |  -nan |  86.5 | 333.0
        Bailey |  10.7 |   8.9 | 100.0 |  -nan |  13.5 | 363.0
               +-------+-------+-------+-------+-------+----------------------
